 Dungeon Crawl Stone Soup version bcrawl-1.37.2 (webtiles) character file.

Game seed: 7493792627797586266

81961 Groucho the Scratcher (level 3, -1/20 HPs)
             Began as a Felid Martial Artist on Jan 8, 2023.
             Was a Believer of Wu Jian.
             Slain by a quokka (2 damage)
             ... on level 1 of the Dungeon.
             The game lasted 00:02:00 (1171 turns).

Groucho the Scratcher (Felid Martial Artist)        Turns: 1171, Time: 00:02:01

Health: -1/20      AC:  1    Str:  8    XL:     3   Next: 54%
Magic:  5/5        EV: 26    Int: 11    God:    Wu Jian [**....]
Gold:   65         SH:  0    Dex: 23    Spells: 3/4 levels left
                                        Lives:  0   Deaths: 0

rFire    . . .     GDR:     33%   - Teeth and claws (10.0)
rCold    . . .     SeeInvis +   (shield unavailable)
rNeg     . . .     Gourm    .   (armour unavailable)
rPois    .         Faith    .   (helmet unavailable)
rElec    .         Spirit   .   (cloak restricted)
rCorr    .         Reflect  .   (gloves unavailable)
MR       .....                  (boots unavailable)
Stlth    ++++......             (no amulet)
HPRegen  0.13/turn              (no ring)
MPRegen  0.09/turn              (no ring)

@: agile, quick
A: very small, no armour, no weapons or thrown items, stealth, claws 1, fangs 3,
see invisible, carnivore, speed 1, shaggy fur 1, slow metabolism 1, sharp paws
a: Wall Jump, Serpent's Lash, Renounce Religion


You were on level 1 of the Dungeon.
You worshipped Wu Jian.
Wu Jian was pleased with you.
You were hungry.

You visited 1 branch of the dungeon, and saw 2 of its levels.

You collected 65 gold pieces.

Inventory:

Scrolls
 i - a scroll of identify
Potions
 c - a potion of curing {unknown}
 d - a potion of ambrosia {unknown}
Comestibles
 e - 2 rations {!d}


   Skills:
 + Level 3.3 Fighting
 + Level 4.4 Dodging
 * Level 3.3 Stealth
 + Level 5.1 Unarmed Combat
 - Level 1.2 Spellcasting
 - Level 1.5 Hexes


You had 3 spell levels left.
You knew the following spells:

 Your Spells              Type           Power        Failure   Level  Hunger
a - Confusing Touch       Hex            #.......     17%         1    None
Your spell library was empty.

Dungeon Overview and Level Annotations

Branches:
Dungeon (2/12)

Altars:
Dithmenos
Gozag
Nemelex Xobeh
Wu Jian
Xom
Yredelemnul


Innate Abilities, Weirdness & Mutations

You cannot wear almost all types of armour.
You are incapable of wielding weapons or throwing items.
Your paws allow you to move quietly. (Stealth)
You have sharp claws.
You have razor-sharp teeth.
You have supernaturally acute eyesight. (SInv)
You are carnivorous and can eat meat at any time.
You cover ground quickly.
You are covered in fur. (AC +1)
You have a slow metabolism.
Your sharp claws are effective at attacking unaware monsters.


Message History

The quokka misses you. The jackal barely misses you.
The kobold hits you but does no damage.
You scratch the quokka but do no damage.
The quokka is heavily wounded.
The quokka misses you. The jackal bites you.
* * * LOW HITPOINT WARNING * * *
The kobold hits you but does no damage.
No path to travel!
You are feeling hungry.
You barely miss the jackal. The jackal closely misses you.
The quokka misses you. The kobold hits you.
* * * LOW HITPOINT WARNING * * *
No path to travel!
You feel agile all of a sudden. The jackal completely misses you.
The quokka closely misses you. The jackal completely misses you.
The kobold completely misses you.
It was a potion of magic.
Magic courses through your body. The quokka misses you.
The jackal completely misses you. The kobold misses you. The quokka bites you.
You die...

##....### # ###....###
#..#.##. ##......
##############..#..
##.....#.....###....
##................##.
#..รท............#....
#...@K............##.
#..r.h..........###..
#...............# #.#
#.....(.........###.#
#....................
##.............####.#
##.....#.....###...#
#######.######..###
#...# ##.####


You could see a quokka, a jackal and a kobold.

Vanquished Creatures
  An ooze (D:1)
  2 worms (D:1)
  A dart slug (D:1)
  3 leopard geckos (D:1)
  A ball python (D:1)
  A giant cockroach (D:1)
  3 goblins (D:1)
  5 hobgoblins (D:1)
  7 jackals
  2 kobolds (D:1)
  5 bats
  A frilled lizard (D:2)
  4 rats
36 creatures vanquished.

Notes
Turn   | Place    | Note
-------+----------+-------------------------------------------
     0 | D:1      | Groucho the Felid Martial Artist began the quest for the
                  | Orb.
     0 | D:1      | Reached XP level 1. HP: 12/12 MP: 3/3
    91 | D:1      | Found a bloodstained altar of Trog.
    93 | D:1      | Found a shimmering altar of Xom.
    93 | D:1      | Found a sparkling altar of Nemelex Xobeh.
    95 | D:1      | Found a basalt altar of Yredelemnul.
    95 | D:1      | Found a shadowy altar of Dithmenos.
    95 | D:1      | Found an opulent altar of Gozag.
   143 | D:1      | Reached XP level 2. HP: 16/16 MP: 4/4
   384 | D:1      | Reached skill level 5 in Unarmed Combat
   510 | D:1      | Reached XP level 3. HP: 20/20 MP: 5/5
   522 | D:1      | Reached ** piety under Wu Jian
   681 | D:2      | Found an ornate altar of the Wu Jian Council.
  1169 | D:1      | HP: 1/20 [kobold (1)]
  1171 | D:1      | Slain by a quokka

Skill      XL: |  1  2  3 |
---------------+----------+-----
Stealth        | 2 3 |  3.3
Unarmed Combat | 5 |  5.1
Fighting       | |  3.3
Dodging        | |  4.4
Spellcasting   | |  1.2
Hexes          | |  1.5

Action                   || total
-------------------------++-------
Melee: Unarmed           ||   105
       Bite              ||    11
       Punch             ||     1
Invok: Lunge             ||    16
       Whirlwind         ||     1
  Use: Potion            ||     2
 Stab: Sleeping          ||     5
  Eat: Chunk             ||     1
Armor: Skin              ||     5
Dodge: Dodged            ||   103
